 Dungeon Crawl Stone Soup version 0.23.2-1-ga50397a (webtiles) character file.

Game seed: 2426346128173400207

13 sankara the Digger (level 2, -1/15 HPs)
             Began as a Gargoyle Earth Elementalist on May 29, 2019.
             Slain by a gnoll
             ... wielding a +0 spear
              (7 damage)
             ... on level 1 of the Dungeon.
             The game lasted 00:02:58 (309 turns).

sankara the Digger (Gargoyle Earth Elementalist)     Turns: 309, Time: 00:02:59

Health: -1/15      AC:  4    Str: 11    XL:     2   Next: 37%
Magic:  0/5        EV: 12    Int: 15    God:
Gold:   39         SH:  0    Dex: 10    Spells: 2/5 levels left

rFire    . . .     SeeInvis .   g - +0 club
rCold    . . .     Gourm    .   (no shield)
rNeg     + . .     Faith    .   c - +0 robe
rPois    ∞         Spirit   .   (no helmet)
rElec    +         Reflect  .   (no cloak)
rCorr    .         Harm     .   (no gloves)
MR       .....                  (no boots)
Stlth    ++........             (no amulet)
HPRegen  0.05/turn              j - ring of wizardry {Wiz+, !d}
MPRegen  0.09/turn              (no ring)

@: very slightly contaminated
A: negative energy resistance 1, electricity resistance, unbreathing,
petrification resistance, rot immunity, AC +2
a: no special abilities


You were on level 1 of the Dungeon.
You were not hungry.

You visited 1 branch of the dungeon, and saw 1 of its levels.

You collected 39 gold pieces.

Inventory:

Hand Weapons
 g - a +0 club (weapon)
   (You took it off a kobold on level 1 of the Dungeon)
Missiles
 b - 32 stones (quivered)
 f - 17 sling bullets
 k - 5 tomahawks
Armour
 c - a +0 robe (worn)
Jewellery
 j - a ring of wizardry (left hand) {Wiz+, !d}
   (You found it on level 1 of the Dungeon)
Scrolls
 a - a scroll of magic mapping {unknown}
 e - 2 scrolls of noise {unknown}
 i - a scroll of remove curse {unknown}
 l - a scroll of fear {unknown}
 m - a scroll of amnesia {unknown}
 n - a scroll of identify {unknown}
Comestibles
 d - a ration


   Skills:
 - Level 1.7 Dodging
 + Level 2.5 Stealth
 * Level 2.2 Spellcasting
 - Level 0.7 Transmutations
 * Level 3.9 Earth Magic


You had 2 spell levels left.
You knew the following spells:

 Your Spells              Type           Power        Failure   Level  Hunger
a - Sandblast             Erth           ##....       1%          1    #......
b - Passwall              Tmut/Erth      #.......     5%          2    ###....

Your spell library contained the following spells:

 Spells                   Type           Power        Failure   Level  Hunger
 Stone Arrow              Conj/Erth      #.....       12%         3    ###....
 Petrify                  Tmut/Erth      #.......     32%         4    #####..
 Lee's Rapid Deconstruct  Erth           ##........   43%         5    ######.


Dungeon Overview and Level Annotations

Branches:
Dungeon (1/15)

Altars:


Innate Abilities, Weirdness & Mutations

You are resistant to torment.
Your stone body is resilient. (AC +2)
You are immune to poison.
You resist negative energy. (rN+)
You are resistant to electric shocks. (rElec)
You can survive without breathing.
You are immune to petrification.
You are immune to rotting.


Message History

b - 36 stones (gained 1)
l - a scroll labeled WYD IMPYXE Unknown command.
m - a scroll labeled ZAWNUSHR PEUTUG You now have 16 gold pieces (gained 7).
n - a scroll labeled HESEROUNID You now have 29 gold pieces (gained 13).
You now have 39 gold pieces (gained 10).
Found an escape hatch in the floor.
You see here a giant cockroach corpse.
A rat comes into view.
A rat is nearby!
A kobold comes into view.
A kobold comes into view. It is wielding a +0 club.
The rat bites you.
You closely miss the rat.
The kobold shouts!
The rat bites you but does no damage.
You barely miss the rat. The rat closely misses you.
The kobold shouts!
You hit the rat.
The rat is severely wounded.
The rat misses you. x2
You closely miss the rat.
The rat is severely wounded.
A gnoll comes into view. It is wielding a +0 spear.
The rat bites you but does no damage.
You closely miss the rat.
The rat is severely wounded.
The rat bites you. The kobold misses you.
The gnoll shouts!
You hit the rat.
You kill the rat!
The kobold hits you.
A leopard gecko comes into view.
All of the chunks of flesh in your inventory have rotted away.
The leopard gecko hisses angrily.
You hit the kobold.
You kill the kobold!
The kobold misses you. The kobold hits you with a +0 club.
You are too injured to fight recklessly!
You are too injured to fight recklessly!
You are too injured to fight recklessly!
You are too injured to fight recklessly!
Casting: Sandblast (safe; 1% risk of failure)
Confirm with . or Enter, or press ? or * to list all spells.
Aiming: Sandblast (safe; 1% risk of failure)
Press: ? - help, Shift-Dir - straight line, f - kobold
Aim: a kobold, wielding a +0 club The blast of sand hits the kobold.
You kill the kobold!
b - 35 stones
Casting: Sandblast (safe; 1% risk of failure)
Confirm with . or Enter, or press ? or * to list all spells.
You can't see any susceptible monsters within range! (Use Z to cast anyway.)
Casting: Sandblast (safe; 1% risk of failure)
Confirm with . or Enter, or press ? or * to list all spells.
Aiming: Sandblast (safe; 1% risk of failure)
Press: ? - help, Shift-Dir - straight line, f - gnoll
Aim: a gnoll, wielding a +0 spear You miscast Sandblast.
You are very lightly contaminated with residual magic.
You feel earthy.
Casting: Sandblast (safe; 1% risk of failure)
Confirm with . or Enter, or press ? or * to list all spells.
Aiming: Sandblast (safe; 1% risk of failure)
Press: ? - help, Shift-Dir - straight line, f/p - gnoll
Aim: a gnoll, wielding a +0 spear The blast of sand hits the gnoll.
The gnoll is moderately wounded.
b - 34 stones The gnoll hits you from afar with a +0 spear.
Casting: Sandblast (safe; 1% risk of failure)
Confirm with . or Enter, or press ? or * to list all spells.
Aiming: Sandblast (safe; 1% risk of failure)
Press: ? - help, Shift-Dir - straight line, f - leopard gecko, p - gnoll
Aim: a leopard gecko The blast of sand hits the leopard gecko.
You kill the leopard gecko!
b - 33 stones The gnoll misses you.
Casting: Sandblast (safe; 1% risk of failure)
Confirm with . or Enter, or press ? or * to list all spells.
Aiming: Sandblast (safe; 1% risk of failure)
Press: ? - help, Shift-Dir - straight line, f - gnoll
Aim: a gnoll, wielding a +0 spear (moderately wounded)
The blast of sand hits the gnoll but does no damage.
The gnoll is moderately wounded.
b - 32 stones The gnoll closely misses you.
Casting: Sandblast (safe; 1% risk of failure)
Confirm with . or Enter, or press ? or * to list all spells.
You don't have enough magic to cast that spell.
The gnoll hits you with a +0 spear.
Things that are here:
a +0 club; a kobold corpse; a rat corpse You hit the gnoll.
The gnoll is heavily wounded.
The gnoll closely misses you. The gnoll hits you with a +0 spear!
You die...

..#...........
.............
............ ...........
.#.#.# .......... .#.#.#
##........# ...>.#
#..g..!....
.#...#########.†@.......
.#......................
.#...#..................
.....#..................
...)..........).........
.#.#..#...............#.
..................#####
###
...#.#.#..........#####.
#..
.............#..........
#..


You could see a gnoll.

Vanquished Creatures
  A leopard gecko (D:1)
  2 giant cockroaches (D:1)
  A goblin (D:1)
  A hobgoblin (D:1)
  A ball python (D:1)
  4 kobolds (D:1)
  2 rats (D:1)
12 creatures vanquished.

Notes
Turn   | Place    | Note
-------+----------+-------------------------------------------
     0 | D:1      | sankara the Gargoyle Earth Elementalist began the quest for
                  | the Orb.
     0 | D:1      | Reached XP level 1. HP: 10/10 MP: 3/3
   155 | D:1      | Reached XP level 2. HP: 13/15 MP: 5/5
   159 | D:1      | Learned a level 2 spell: Passwall
   309 | D:1      | Slain by a gnoll

Action                   || total
-------------------------++-------
Melee: Club              ||    28
 Cast: Sandblast         ||     6
Armor: Robe              ||    11
Dodge: Dodged            ||    25

Levels and vault maps discovered:
D:1:      minmay_arrival_solitary_statue, layout_rooms, minmay_misc_feat_doors,
          hangedman_decor_points, minmay_cut_off

Table legend:
 A = Turns spent in this place as a percentage of turns spent in the entire game.
 B = Non-inter-level travel turns spent in this place as a percentage of non-inter-level travel turns spent in the entire game.
 C = Inter-level travel turns spent in this place as a percentage of turns spent in this place.
 D = Turns resting spent in this place as a percentage of non-inter-level travel turns spent in this place.
 E = Turns spent auto-exploring this place as a percentage of non-inter-level travel turns spent in this place.
 F = Non-inter-level travel turns spent in this place divided by the number of levels of this place that you've seen.
                   A       B       C       D       E      F
               +-------+-------+-------+-------+-------+----------------------
         Total | 100.0 | 100.0 |   0.0 |  20.1 |  52.1 | 309.0
       Dungeon | 100.0 | 100.0 |   0.0 |  20.1 |  52.1 | 309.0
               +-------+-------+-------+-------+-------+----------------------

Table legend:
 A = Kills in this place as a percentage of kills in entire the game.
 B = Kills by you in this place as a percentage of kills by you in the entire game.
 C = Kills by friends in this place as a percentage of kills by friends in the entire game.
 D = Other kills in this place as a percentage of other kills in the entire game.
 E = Experience gained in this place as a percentage of experience gained in the entire game.
 F = Experience gained in this place divided by the number of levels of this place that you have seen.
                   A       B       C       D       E      F
               +-------+-------+-------+-------+-------+----------------------
         Total | 100.0 | 100.0 |   N/A |   N/A | 100.0 |  19.0
       Dungeon | 100.0 | 100.0 |   N/A |   N/A | 100.0 |  19.0
               +-------+-------+-------+-------+-------+----------------------
